Map: Deathaura LE

Players

DPGZest (Zest) - Winner!

  • Race: Protoss Protoss
  • Spawn Location: 5:00

DPGCure (Cure)

  • Race: Terran Terran
  • League: Master
  • Spawn Location: 11:00

Event: StayAtHome Story Cup #3

VOD

https://youtu.be/3vqVS8f0XIk

Description

Time

  • Played on: March 14, 2021, 10:47 a.m.
  • Length: 11:05

All games in this series

Show
View Real Time Build Order
Export as new Build Order

DPGZest Protoss - Winner!

Build Orders: 1 Gate Expand, Oracle Opening, Phoenix Opening 

Get SALT Encoding   

  12  0:00  Probe  
  13  0:12  Probe  
  14  0:17  Pylon  
  14  0:24  Probe (Chrono Boost)  
  15  0:36  Probe (Chrono Boost), Gateway  
  16  0:45  Probe (Chrono Boost), Assimilator  
  17  0:51  Probe  
  18  1:03  Probe  
  19  1:15  Probe  
  20  1:23  Cybernetics Core  
  20  1:34  Nexus  
  20  1:37  Probe  
  21  1:44  Pylon  
  21  1:49  Probe  
  21  1:53  Assimilator  
  22  2:00  Adept (Chrono Boost)  
  22  2:02  Probe (Chrono Boost)  
  25  2:14  Probe (Chrono Boost)  
  26  2:16  Stargate  
  26  2:20  Probe (Chrono Boost)  
  27  2:24  Adept  
  29  2:32  Warp Gate  
  29  2:33  Probe  
  30  2:45  Probe  
  30  2:46  Probe  
  32  2:57  Probe  
  33  2:58  Probe, Oracle (Chrono Boost)  
  33  3:03  Adept  
  39  3:09  Probe  
  39  3:10  Probe  
  41  3:16  Pylon  
  41  3:21  Probe  
  41  3:23  Probe  
  41  3:27  Assimilator  
  43  3:30  Phoenix  
  43  3:34  Probe  
  46  3:35  Probe, Gateway  
  47  3:46  Probe  
  47  3:47  Probe  
  49  3:57  Phoenix (Chrono Boost)  
  49  3:58  Probe  
  49  3:59  Probe  
  53  4:03  Nexus  
  53  4:08  Pylon  
  53  4:10  Probe  
  54  4:26  Probe, Phoenix  
  54  4:28  Probe  
  58  4:38  Probe  
  59  4:39  Pylon  
  59  4:40  Probe  
  59  4:42  Twilight Council  
  59  4:43  Forge  
  60  4:45  Sentry  
  60  4:47  Pylon  
  62  4:57  Probe x2, Phoenix  
  66  5:10  Probe x2 (Chrono Boost)  
  66  5:14  Protoss Ground Weapons Level 1 (Chrono Boost), Pylon  
  68  5:16  Probe (Chrono Boost)  
  68  5:17  Charge (Chrono Boost)  
  68  5:21  Gateway  
  71  5:22  Probe x2 (Chrono Boost), Gateway  
  71  5:23  Gateway  
  71  5:25  Probe (Chrono Boost)  
  71  5:26  Gateway  
  71  5:27  Probe x2 (Chrono Boost)  
  74  5:30  Probe (Chrono Boost)  
  75  5:36  Probe x2  
  75  5:41  Phoenix  
  75  5:42  Probe  
  80  5:53  Zealot x2  
  80  5:55  Photon Cannon, Shield Battery  
  80  5:56  Gateway  
  84  5:58  Gateway  
  84  6:01  Pylon  
  84  6:02  Templar Archives  
  84  6:08  Phoenix, Pylon  
  84  6:09  Assimilator  
  86  6:12  Pylon, Assimilator  
  86  6:16  Probe x3, Assimilator  
  89  6:27  Zealot  
  89  6:28  Zealot x3  
  89  6:30  Probe x3  
  100  6:35  Phoenix (Chrono Boost)  
  100  6:39  Psionic Storm  
  102  6:42  Gateway x2  
  102  6:57  Robotics Facility  
  102  7:08  High Templar x2  
  102  7:12  Pylon  
  102  7:15  Pylon  
  106  7:17  Pylon  
  106  7:19  High Templar, Zealot x2, Protoss Ground Armor Level 1 (Chrono Boost)  
  106  7:20  Zealot x3  
  106  7:21  Blink  
  118  7:25  Photon Cannon, Pylon  
  118  7:29  Photon Cannon  
  118  7:30  Pylon  
  118  7:38  High Templar  
  120  7:48  Pylon  
  120  7:51  Zealot x8  
  124  7:54  Warp Prism (Chrono Boost)  
  138  8:06  High Templar  
  138  8:09  Pylon  
  138  8:11  High Templar  
  138  8:12  Robotics Bay  
  142  8:16  Archon, Zealot x6  
  151  8:38  Stalker x8  
  165  8:46  Observer  
  150  9:12  Zealot x3  
  150  9:13  Zealot x4  
  160  9:17  Stalker  
  160  9:18  Stalker x2  
  144  9:36  Zealot x2  
  144  9:37  Zealot x5  
  144  9:48  Probe x2 (Chrono Boost)  
  144  9:50  Probe (Chrono Boost)  
  147  9:57  Probe (Chrono Boost), High Templar  
  147  9:58  Probe x2 (Chrono Boost), High Templar x5  
  162  10:02  Archon x3  
  162  10:03  Zealot x2  
  166  10:11  Probe x3  
  166  10:13  Pylon  
  169  10:17  Pylon  
  169  10:49  Archon  
  155  10:54  Zealot, Stalker x3  
  155  10:55  Zealot x6  
Show
View Real Time Build Order
Export as new Build Order

DPGCure Terran 

Build Orders: Reaper Expand 

Get SALT Encoding   

  12  0:00  SCV  
  13  0:12  SCV  
  14  0:17  Supply Depot  
  14  0:24  SCV  
  15  0:38  SCV  
  15  0:39  Barracks  
  15  0:42  Refinery  
  16  0:50  SCV  
  17  1:03  SCV  
  18  1:15  SCV  
  19  1:26  Reaper  
  19  1:27  Orbital Command  
  20  1:43  Command Center  
  20  1:49  Supply Depot  
  20  1:52  SCV  
  21  1:58  Marine  
  22  2:04  SCV  
  23  2:09  Factory  
  23  2:16  SCV  
  23  2:17  Refinery  
  23  2:19  Barracks Reactor  
  24  2:24  Bunker  
  24  2:29  SCV  
  25  2:41  SCV  
  26  2:53  Starport  
  26  2:54  Widow Mine, SCV  
  26  2:55  Orbital Command  
  29  2:59  Marine  
  30  3:06  SCV  
  30  3:09  Marine  
  32  3:16  Widow Mine  
  32  3:17  Marine  
  32  3:18  SCV  
  36  3:21  SCV  
  37  3:27  Marine  
  37  3:28  Supply Depot  
  37  3:31  SCV  
  39  3:34  Medivac  
  39  3:35  Marine  
  39  3:36  SCV  
  39  3:39  Widow Mine  
  45  3:45  SCV  
  46  3:50  SCV, Marine  
  46  3:51  Engineering Bay  
  46  3:53  Marine  
  49  3:59  SCV, Supply Depot  
  49  4:02  SCV  
  50  4:08  Marine  
  51  4:10  Marine  
  51  4:11  SCV  
  51  4:13  Supply Depot  
  51  4:14  SCV  
  54  4:20  Barracks  
  54  4:21  Barracks  
  54  4:23  SCV  
  54  4:26  SCV  
  54  4:27  Marine  
  54  4:28  Marine  
  57  4:33  Factory Tech Lab, Starport Tech Lab  
  57  4:35  SCV  
  56  4:38  SCV  
  56  4:41  Supply Depot  
  56  4:45  Marine  
  58  4:46  Marine  
  58  4:47  SCV  
  58  4:50  SCV  
  61  4:57  Supply Depot  
  61  4:58  Starport Reactor  
  62  5:00  SCV  
  62  5:01  Factory Reactor  
  62  5:03  SCV  
  58  5:08  Terran Infantry Weapons Level 1  
  58  5:10  Marine x2  
  58  5:12  SCV  
  61  5:15  SCV  
  61  5:16  Refinery  
  61  5:18  Marauder, Stimpack  
  61  5:19  Marauder, Combat Shield  
  66  5:24  Supply Depot  
  66  5:27  Refinery  
  66  5:28  Marine x2  
  66  5:29  Barracks  
  66  5:31  Barracks  
  68  5:38  SCV x2  
  70  5:44  Marine x2  
  70  5:45  Medivac x2  
  70  5:46  Marine x2  
  74  5:58  SCV x2, Ghost Academy  
  74  6:02  Marine x2  
  74  6:04  Marine x2  
  79  6:08  Supply Depot  
  79  6:10  SCV x2, Supply Depot  
  82  6:19  Medivac x2  
  82  6:25  Marine x2  
  88  6:26  Barracks Reactor, Barracks Tech Lab  
  88  6:33  Supply Depot  
  88  6:34  Ghost  
  88  6:36  Ghost  
  92  6:44  Supply Depot  
  92  6:45  SCV x2  
  91  6:49  Ghost  
  91  6:50  Marine x2  
  95  6:58  SCV x2, Missile Turret  
  97  7:01  Supply Depot  
  97  7:03  Marine  
  97  7:04  Enhanced Shockwaves  
  97  7:05  Marine, Missile Turret  
  98  7:10  SCV x2, Supply Depot  
  98  7:12  Marine x2  
  98  7:14  Medivac  
  104  7:18  Marine x2  
  104  7:21  Marine  
  109  7:25  Ghost  
  109  7:30  Marine, Missile Turret  
  109  7:31  Marine  
  109  7:35  Marine x2  
  113  7:38  Ghost  
  113  7:39  Marauder  
  113  7:43  Widow Mine  
  121  7:44  Widow Mine  
  121  7:47  Marine  
  121  7:48  Concussive Shells  
  121  7:49  Marine  
  123  7:53  Marine x2  
  123  7:54  Marine  
  126  8:01  Marauder  
  126  8:05  Widow Mine, Marine  
  132  8:06  Widow Mine  
  132  8:07  Marine x2  
  132  8:11  Marine x2, Supply Depot  
  132  8:12  Marauder  
  139  8:21  Medivac  
  139  8:23  Marine  
  142  8:27  Supply Depot  
  142  8:28  Marine  
  142  8:29  Marine x2  
  142  8:30  Marauder  
  142  8:33  Widow Mine x2, Marauder x2  
  150  8:41  Marine  
  143  8:45  Marine  
  143  8:47  Marine x2  
  143  8:51  Marauder  
  143  8:54  Marine x2  
  142  9:02  Marine  
  142  9:03  Marine  
  142  9:04  Marine  
  142  9:05  Marine  
  141  9:12  Marauder  
  141  9:16  Ghost x2  
  80  9:33  Ghost  
  80  9:35  Marine  
  59  9:46  Marauder  
  59  9:48  Ghost  
  61  10:00  Marine x4  
  61  10:04  Medivac x2  
  71  10:07  Marine  
  71  10:11  Widow Mine  
  71  10:13  Widow Mine  
  76  10:17  Marine  
  76  10:18  Marauder, Marine  
  78  10:21  Marine x3  
  81  10:30  Marauder  
  81  10:35  Marine  
  82  10:36  Marine  
  82  10:38  Marine  
Tags
 
Add a new tag
Caveats
  • Supply blocks, unpowered buildings, or Contaminate may cause inaccurate times.
  • Supply counts are checked every 10 seconds.